 Dungeon Crawl Stone Soup version 0.29-a0-40-g8eb35efe60 (webtiles) character file.

Game seed: 15077367165065258921

145 enile the Firebug (level 5, -33/36 HPs)
             Began as an Octopode Fire Elementalist on Feb 2, 2022.
             Was a Priest of Cheibriados.
             Killed by an exploding orc wizard (46 damage)
             ... ignited by their inner flame
             ... on level 3 of the Dungeon.
             The game lasted 00:03:45 (3061 turns).

enile the Firebug (Octopode Fire Elementalist)      Turns: 3061, Time: 00:03:45

Health: -33/36     AC:  1    Str: 14    XL:     5   Next: 27%
Magic:  9/9        EV: 17    Int: 27    God:    Cheibriados [***...]
Gold:   98         SH:  0    Dex: 19    Spells: 5/10 levels left

rFire   . . .      SeeInvis .   n - +1 short sword (vamp)
rCold   . . .      Faith    .   (no shield)
rNeg    . . .      Spirit   .   (helmet restricted)
rPois   .          Reflect  .   (no amulet)
rElec   .          Harm     .   k - +4 ring of evasion
rCorr   .          Rampage  .   (no ring)
Will    .....                   (no ring)
Stlth   +++.......              (no ring)
HPRegen 0.12/turn               (no ring)
MPRegen 0.11/turn               (no ring)
                                (no ring)
                                (no ring)

@: very slow
A: almost no armour, amphibious, 8 rings, camouflage 1, gelatinous body 1,
(nimble swimmer 1), tentacles
a: Renounce Religion, Bend Time, Temporal Distortion


You were on level 3 of the Dungeon.
You worshipped Cheibriados.
Cheibriados was most pleased with you.
You visited 1 branch of the dungeon, and saw 3 of its levels.

You collected 98 gold pieces.

Inventory:

Hand Weapons
 a - a +0 dagger
 c - a +0 spear of flaming
 e - a -3 hand axe of flaming
 n - a +1 vampiric short sword (weapon)
Jewellery
 k - a +4 ring of evasion (left tentacle)
Scrolls
 b - 3 scrolls of identify {unknown}
 l - a scroll of brand weapon {unknown}
 o - a scroll of vulnerability {unknown}
Potions
 f - 2 potions of degeneration {unknown}
 h - 2 potions of curing {unknown}
 i - a potion of ambrosia {unknown}
 m - 2 potions of heal wounds {unknown}


   Skills:
 - Level 3.0 Fighting
 - Level 2.0 Dodging
 - Level 2.8 Stealth
 - Level 3.0 Spellcasting
 + Level 1.6 Conjurations
 - Level 3.0 Fire Magic
 - Level 2.0 Invocations


You had 5 spell levels left.
You knew the following spells:

 Your Spells              Type           Power      Damage    Failure   Level
a - Foxfire               Conj/Fire      64%        2x1d7     3%          1
b - Scorch                Fire           40%        2d7       3%          2
c - Passwall              Tmut/Erth      3%         N/A       13%         2

Your spell library contained the following spells:

 Spells                   Type           Power      Damage    Failure   Level
 Sandblast                Erth           8%         2d5       9%          1
 Conjure Flame            Conj/Fire      16%        6-21      10%         3
 Inner Flame              Hex/Fire       12%        N/A       14%         3
 Stone Arrow              Conj/Erth      16%        3d8       19%         3
 Flame Wave               Conj/Fire      16%        2d6       32%         4


Dungeon Overview and Level Annotations

Branches:
Dungeon (3/15)

Altars:
Cheibriados

Shops:
D:1 =


Innate Abilities, Weirdness & Mutations

You cannot wear most types of armour.
You are amphibious.
You can wear up to eight rings at the same time.
Your skin changes colour to match your surroundings (Stealth+).
Your rubbery body absorbs attacks. (AC +1, EV +1)
((You are camouflaged when in or above water. (Stealth+)))
You have tentacles for arms and can constrict up to eight enemies at once.


Message History

The orc wizard shouts!
You grab the orc. You squeeze the orc.
The orc is moderately wounded.
You constrict the orc.
The orc escapes!
The orc wizard points at you and mumbles some strange words.
You are confused.
You are too confused!
You are too confused!
The orc wizard gestures at you while chanting.
The puff of flame hits you! The orc barely misses you.
The orc hits you with a +0 mace.
You bump into the rock wall.
You feel less confused. The orc closely misses you.
The orc wizard gestures at you while chanting.
The puff of flame hits you!
The orc wizard mumbles some strange words.
The orc wizard flickers and vanishes!
Deactivating autopickup; reactivate with Ctrl-A.
The orc closely misses you.
As you read the scroll labelled XYTECW QYZEG, it crumbles to dust.
The creatures around you are filled with an inner flame!
It was a scroll of immolation.
As you read the scroll labelled QYGITAI ZAVVU, it crumbles to dust.
It is a scroll of amnesia.
Okay, then.
As you read the scroll labelled ARADAR HANEFO, it crumbles to dust.
It is a scroll of enchant weapon.
Your +0 vampiric short sword glows red for a moment.
Something hits you.
You hit something.
Flame seeps out of something.
Cheibriados appreciates the change of pace.
Reactivating autopickup.
You feel a bit more experienced.
The orc wizard explodes!
The fiery explosion engulfs the orc!!!
Cheibriados thoroughly appreciates the change of pace.
The fiery explosion engulfs you!!!
Ouch! That really hurt!
You die...

...............#
.................#.#
...............#...# .#
...............+...# .#
...............# ..#+#.# #
.............).# #.....# .#
............)..# #.....# #...
...............###.....#...
..............§○@......#.###.
..............§###...........
...............###....##.####.
..............................
...............#######.....##
......................<....#
...............####........#
...........................#
...............####......###


There were no monsters in sight!

Vanquished Creatures
  Natasha (D:2)
  An orc wizard (D:3)
  2 adders
  4 gnolls (D:3)
  A worm (D:3)
  2 dart slugs (D:1)
  3 orcs (D:3)
  4 ball pythons
  4 endoplasms
  A giant cockroach (D:2)
  3 goblins
  A hobgoblin (D:2)
  3 jackals (D:2)
  5 quokkas
  12 bats
  5 frilled lizards
  4 kobolds
  4 rats
60 creatures vanquished.

Vanquished Creatures (others)
  113 foxfires
113 creatures vanquished.

Grand Total: 173 creatures vanquished

Notes
Turn   | Place    | Note
-------+----------+-------------------------------------------
     0 | D:1      | enile the Octopode Fire Elementalist began the quest for
                  | the Orb.
     0 | D:1      | Reached XP level 1. HP: 11/11 MP: 3/3
   279 | D:1      | Reached XP level 2. HP: 18/18 MP: 1/5
   344 | D:1      | Reached skill level 1 in Fighting
   638 | D:1      | Found a faded altar of an unknown god.
   677 | D:1      | Prayed at the altar of an unknown god.
   677 | D:1      | Became a worshipper of Cheibriados the Contemplative
   677 | D:1      | Reached * piety under Cheibriados
   934 | D:1      | Found Losotus's Jewellery Emporium.
  1212 | D:1      | Reached XP level 3. HP: 22/24 MP: 6/6
  1261 | D:1      | Learned a level 2 spell: Scorch
  1335 | D:2      | Reached skill level 1 in Invocations
  1440 | D:2      | Reached ** piety under Cheibriados
  1481 | D:2      | Noticed Natasha
  1486 | D:2      | Killed Natasha
  1588 | D:2      | Reached XP level 4. HP: 25/30 MP: 4/7
  2711 | D:3      | Reached *** piety under Cheibriados
  2712 | D:3      | Reached XP level 5. HP: 36/36 MP: 1/9
  2753 | D:3      | Learned a level 2 spell: Passwall
  3061 | D:3      | Killed by an exploding orc wizard... ignited by their inner
                  | flame

Illustrated notes

Levels and vault maps discovered:
D:1:      tarquinn_simple_flora_water_d, layout_basic,
          ebering_ecumenical_altar_rust, serial_shops, shop,
          minmay_misc_feat_pillars, kennysheep_pointless_box
D:2:      layout_basic, uniq_natasha
D:3:      layout_basic, zin_scriptorium

Skill      XL: |  1  2  3  4  5 |
---------------+----------------+-----
Fighting       | 2 3 |  3.0
Invocations    | 2 |  2.0
Spellcasting   | 3 |  3.0
Dodging        | |  2.0
Stealth        | |  2.8
Conjurations   | |  1.6
Fire Magic     | |  3.0

Action                   |  1- 3 |  4- 6 || total
-------------------------+-------+-------++-------
Melee: Dagger            |     4 |       ||     4
       Constrict         |    14 |     8 ||    22
       Tentacles         |     7 |     7 ||    14
       Unarmed           |     1 |       ||     1
       Spear             |    37 |     3 ||    40
       Punch             |     2 |       ||     2
       Short sword       |       |    22 ||    22
 Cast: Foxfire           |    21 |    48 ||    69
       Scorch            |     5 |     6 ||    11
  Use: Scroll            |       |     3 ||     3
 Stab: Sleeping          |     5 |     4 ||     9
Armor: Skin              |     7 |     1 ||     8
Dodge: Dodged            |    33 |    31 ||    64

Table legend: (Time is in decaauts)
 A = Elapsed time spent in this place.
 B = Non-inter-level travel time spent in this place.
 C = Inter-level travel time spent in this place.
 D = Time resting spent in this place.
 E = Time spent auto-exploring this place.
 F = Levels seen in this place.
 G = Mean time per level.
                   A        B        C        D        E       F      G
               +--------+--------+--------+--------+--------+-----+--------+
         Total |   3665 |   3531 |    134 |      0 |   3074 |   3 | 1221.7 |
       Dungeon |   3665 |   3531 |    134 |      0 |   3074 |   3 | 1221.7 |
               +--------+--------+--------+--------+--------+-----+--------+

Top non-repeatable levels by time:
     D:2: 1552 daAuts
     D:1: 1520 daAuts
     D:3: 591 daAuts
